 Dungeon Crawl Stone Soup version 0.21.1-68-g103a7afc0a (webtiles) character file.

16731 IceCat the Basher (level 12, -1/72 HPs)
             Began as a Gargoyle Fighter on Aug 2, 2018.
             Was a High Priest of Okawaru.
             Slain by a phantasmal warrior (15 damage)
             ... led by a death knight
             ... on level 12 of the Dungeon.
             The game lasted 00:54:13 (13355 turns).

IceCat the Basher (Gargoyle Fighter)               Turns: 13355, Time: 00:54:14

Health: -1/72      AC: 33    Str: 36    XL:     12   Next: 40%
Magic:  10/16      EV: 11    Int:  9    God:    Okawaru [*****.]
Gold:   604        SH: 15    Dex:  9    Spells: 10/11 levels left

rFire    x . .     SeeInvis +   u - +4 mace
rCold    + . .     Gourm    .   c - +0 shield
rNeg     + . .     Faith    .   H - +0 plate armour
rPois    ∞         Spirit   .   q - +0 helmet
rElec    +         Reflect  .   r - +0 cloak
rCorr    +         Harm     .   J - +1 pair of gloves of Objectivity {*Slow rPois rCorr Str+6}
MR       .....                  i - +1 pair of boots
Stlth    ..........             (no amulet)
HPRegen  0.22/turn              h - ring of ice
MPRegen  0.15/turn              L - ring of see invisible

@: mighty, heroism, finesse
A: negative energy resistance 1, electricity resistance, unbreathing,
petrification resistance, rot immunity, AC +8
a: Heroism, Finesse, Renounce Religion


You were on level 12 of the Dungeon.
You worshipped Okawaru.
Okawaru was extremely pleased with you.
You were not hungry.

You visited 2 branches of the dungeon, and saw 13 of its levels.

You collected 740 gold pieces.
You spent 136 gold pieces at shops.

Inventory:

Hand Weapons
 u - a +4 mace (weapon)
 y - a +2 whip of pain
Armour
 c - a +0 shield (worn)
 i - a +1 pair of boots (worn)
 q - a +0 helmet (worn)
 r - a +0 cloak (worn)
 H - a +0 plate armour (worn)
 J - the +1 pair of gloves of Objectivity (worn) {*Slow rPois rCorr Str+6}
   (Okawaru gifted it to you on level 9 of the Dungeon)

   It affects your strength (+6).
   It protects you from poison.
   It protects you from acid and corrosion.
   It may slow you when you take damage.
Jewellery
 b - a +3 ring of dexterity
 e - an uncursed ring of stealth
 h - a ring of ice (left hand)
 L - a ring of see invisible (right hand)
Wands
 C - a wand of disintegration (35)
 F - a wand of iceblast (4)
 I - a wand of enslavement (5)
 N - a wand of paralysis (2)
Scrolls
 a - a scroll of fear
 j - 3 scrolls of magic mapping
 k - a scroll of immolation
 m - a scroll of amnesia
 n - 6 scrolls of remove curse
 o - 4 scrolls of teleportation
 p - a scroll of random uselessness {unknown}
 s - 4 scrolls of fog {unknown}
 t - 9 scrolls of identify
 v - 3 scrolls of enchant armour
 D - a scroll of noise {unknown}
 E - 2 scrolls of blinking {unknown}
Potions
 g - a potion of flight {unknown}
 l - 3 potions of heal wounds
 w - a potion of berserk rage {unknown}
 x - a potion of agility
 A - 3 potions of mutation {unknown}
 B - a potion of lignification
 G - a potion of curing
 P - a potion of ambrosia
Books
 z - a Young Poisoner's Handbook

   Spells                             Type                      Level
   a - Sting                          Conjuration/Poison           1
   b - Poisonous Vapours              Poison/Air                   2
   c - Mephitic Cloud                 Conjuration/Poison/Air       3
   d - Olgreb's Toxic Radiance        Poison                       4
   e - Venom Bolt                     Conjuration/Poison           5
 O - a book of Necromancy

   Spells                             Type                      Level
   a - Pain                           Necromancy                   1
   b - Animate Skeleton               Necromancy                   1
   c - Vampiric Draining              Necromancy                   3
   d - Regeneration                   Charms/Necromancy            3
   e - Animate Dead                   Necromancy                   4
   f - Borgnjor's Vile Clutch         Necromancy/Earth             5
Miscellaneous
 K - a fan of gales
Comestibles
 f - 34 rations


   Skills:
 + Level 7.4(12.4) Fighting
 * Level 13.6(18.6) Maces & Flails
 + Level 8.1(13.1) Armour
 - Level 1.9(6.9) Dodging
 + Level 9.7(14.7) Shields
 - Level 6.0 Invocations
 * Level 3.3 Evocations


You had 10 spell levels left.
You knew the following spells:

 Your Spells              Type           Power        Failure   Level  Hunger
a - Apportation           Tloc           #.....       88%         1    ##.....


Dungeon Overview and Level Annotations

Branches:
Dungeon (12/15)            Temple (1/1) D:5            Lair (0/6) D:10
    Orc (0/2) D:12

Altars:
Ashenzari
Cheibriados
Dithmenos
Elyvilon
Fedhas
Gozag
Hepliaklqana
Kikubaaqudgha
Makhleb
Nemelex Xobeh
Okawaru
Qazlal
Ru
Sif Muna
Trog
Uskayaw
Vehumet
Wu Jian
Xom
Yredelemnul
Zin
The Shining One

Shops:
D:5 =   D:6 :   D:8 ?

Annotations:
D:10 2 runed doors
D:12 1 runed door


Innate Abilities, Weirdness & Mutations

You are resistant to torment.
Your stone body is resilient. (AC +8)
You are immune to poison.
You resist negative energy. (rN+)
You are resistant to electric shocks. (rElec)
You can survive without breathing.
You are immune to petrification.
You are immune to rotting.


Message History

The death knight is almost dead.
The death knight reflects your damage back at you!
* * * LOW HITPOINT WARNING * * *
You bludgeon the death knight!!
You kill the death knight!
Okawaru accepts your kill.
Your damage is reflected back at you!
* * * LOW HITPOINT WARNING * * *
All of the chunks of flesh in your inventory have rotted away.
You bludgeon the phantasmal warrior!!
The phantasmal warrior is heavily damaged.
You block the phantasmal warrior's attack.
You sock the phantasmal warrior!
The phantasmal warrior is severely damaged.
You closely miss the phantasmal warrior.
The phantasmal warrior is severely damaged.
You sock the phantasmal warrior!
The phantasmal warrior is almost destroyed.
The phantasmal warrior hits you!
You die...

#.. #########..
...........
...........
...........
#..#####.## #### #(##
######## #.######[#
#W@.#..###.)..#...#
#W#..#.##..###..##.
...##........###..#.
#####.###.#####..###.
##.#..#..#.##....
#.#.#....#..#... ####
.##........
...#.#...## ##.
#..#.#


You could see a phantasmal warrior and a freezing wraith.

Vanquished Creatures
  A centaur warrior (D:11)
  A death knight (D:12)
  2 two-headed ogres (D:8)
  An unseen horror (D:11)
  An ugly thing (D:9)
  A manticore (D:11)
  A cyclops (D:9)
  Psyche (D:9)
  A gargoyle (D:11)
  A freezing wraith (D:12)
  3 trolls
  A slime creature (D:8)
  A meliai zombie (D:11)
  2 hippogriffs (D:10)
  A wraith (D:12)
  3 yaks (D:7)
  3 wyverns
  A steam dragon (D:12)
  2 hungry ghosts
  A vampire mosquito (D:9)
  A water moccasin (D:6)
  11 orc warriors
  4 phantoms
  4 ice beasts
  A sky beast (D:5)
  2 black bears
  2 necrophages
  10 ogres
  6 centaurs
  A crocodile (shapeshifter) (D:9)
  A crocodile (D:10)
  4 big kobolds
  8 bullfrogs
  A wyvern zombie (D:9)
  A water moccasin zombie (D:9)
  4 scorpions
  A troll zombie (D:12)
  5 jellies
  11 killer bees
  9 wights
  11 electric eels (D:11)
  5 howler monkeys
  6 crimson imps
  A quasit (D:8)
  3 bullfrog zombies
  14 orc priests
  16 orc wizards
  A gnoll shaman (D:5)
  A bullfrog skeleton (D:11)
  6 hounds
  A centaur skeleton (D:4)
  An iguana (D:5)
  10 worker ants
  2 ogre zombies (D:12)
  2 hound skeletons
  2 worker ant zombies (D:7)
  Robin (D:3)
  11 gnolls
  9 adders
  2 shadow imps
  An ooze (D:1)
  An adder skeleton (D:5)
  6 worms
  A dart slug (D:3)
  7 leopard geckos
  49 orcs
  2 ball pythons (D:2)
  12 bats
  2 giant cockroaches (D:3)
  11 goblins
  12 hobgoblins
  24 jackals
  2 quokkas
  7 frilled lizards
  A goblin zombie (D:12)
  A jackal zombie (D:8)
  28 kobolds
  A leopard gecko zombie (D:6)
  An orc skeleton (D:12)
  8 orc zombies (D:12)
  A quokka skeleton (D:8)
  7 rats
406 creatures vanquished.

Vanquished Creatures (others)
  A crimson imp (D:11)
  An orc wizard (D:3)
  An orc (D:6)
3 creatures vanquished.

Grand Total: 409 creatures vanquished

Notes
Turn   | Place    | Note
-------+----------+-------------------------------------------
     0 | D:1      | IceCat the Gargoyle Fighter began the quest for the Orb.
     0 | D:1      | Reached XP level 1. HP: 14/14 MP: 1/1
   207 | D:1      | Reached XP level 2. HP: 17/19 MP: 2/2
   769 | D:2      | Found a sparkling altar of Nemelex Xobeh.
   770 | D:2      | Reached XP level 3. HP: 24/24 MP: 3/3
   854 | D:2      | Reached skill level 3 in Maces & Flails
   854 | D:2      | Reached XP level 4. HP: 17/29 MP: 4/4
  1658 | D:3      | Reached XP level 5. HP: 31/33 MP: 5/5
  1767 | D:3      | Noticed Robin
  1792 | D:3      | Killed Robin
  1792 | D:3      | Reached skill level 4 in Maces & Flails
  2345 | D:3      | Found a shattered altar of Ashenzari.
  2345 | D:3      | Found a hazy altar of Hepliaklqana.
  2411 | D:3      | Reached XP level 6. HP: 32/38 MP: 6/6
  2425 | D:3      | Found a glowing golden altar of the Shining One.
  2535 | D:3      | Learned a level 1 spell: Apportation
  2965 | D:3      | Reached skill level 5 in Maces & Flails
  3109 | D:4      | Reached XP level 7. HP: 33/43 MP: 7/7
  3908 | D:4      | Reached skill level 6 in Maces & Flails
  4148 | D:5      | Entered Level 5 of the Dungeon
  4415 | D:5      | Noticed a moth of wrath
  4418 | D:5      | Found a bloodstained altar of Trog.
  4558 | D:5      | Reached skill level 5 in Shields
  4607 | D:5      | Reached XP level 8. HP: 39/48 MP: 8/8
  4617 | D:5      | Reached skill level 7 in Maces & Flails
  4662 | D:5      | Found a staircase to the Ecumenical Temple.
  4673 | Temple   | Entered the Ecumenical Temple
  4710 | Temple   | Became a worshipper of Warmaster Okawaru
  4920 | D:5      | Found Dualausuh's Jewellery Boutique.
  5433 | D:6      | Reached skill level 1 in Dodging
  5689 | D:6      | Got an ivory halberd
  5695 | D:6      | Identified the +11 halberd of Ynten {freeze, rC- Int+5} (You found it on level 6 of the Dungeon)
  5790 | D:6      | Found Fatzauk's Book Boutique.
  5844 | D:6      | Reached skill level 8 in Maces & Flails
  5844 | D:6      | Reached skill level 5 in Armour
  5893 | D:6      | Reached * piety under Okawaru
  6078 | D:6      | Found a sacrificial altar of Ru.
  6114 | D:6      | Reached skill level 5 in Fighting
  6167 | D:7      | Reached XP level 9. HP: 50/54 MP: 9/9
  6214 | D:7      | Reached skill level 9 in Maces & Flails
  6247 | D:7      | Reached ** piety under Okawaru
  6737 | D:7      | Reached skill level 10 in Maces & Flails
  6871 | D:7      | Found a burning altar of Makhleb.
  7247 | D:8      | Reached *** piety under Okawaru
  7247 | D:8      | Reached XP level 10. HP: 28/60 MP: 10/10
  7483 | D:8      | Found Owkeuhorod's Magic Scroll Shop.
  7677 | D:8      | Found a white marble altar of Elyvilon.
  7683 | D:8      | Noticed a two-headed ogre
  7752 | D:8      | Killed a two-headed ogre
  7752 | D:8      | Reached skill level 11 in Maces & Flails
  7785 | D:8      | Bought a scroll of teleportation for 39 gold pieces
  7785 | D:8      | Bought a scroll of identify for 26 gold pieces
  7785 | D:8      | Bought a scroll of identify for 26 gold pieces
  7785 | D:8      | Bought a scroll of fear for 45 gold pieces
  8055 | D:8      | Reached **** piety under Okawaru
  8210 | D:8      | Noticed a two-headed ogre
  8220 | D:8      | Killed a two-headed ogre
  8529 | D:8      | Found a glowing golden altar of the Shining One.
  8529 | D:8      | Found a glowing silver altar of Zin.
  8529 | D:8      | Found a white marble altar of Elyvilon.
  8652 | D:9      | Found an ornate altar of the Wu Jian Council.
  8749 | D:9      | Reached skill level 12 in Maces & Flails
  8791 | D:9      | Noticed a cyclops
  8807 | D:9      | Killed a cyclops
  8807 | D:9      | Reached ***** piety under Okawaru
  8807 | D:9      | Reached XP level 11. HP: 66/66 MP: 11/11
  8917 | D:9      | Noticed an eight-headed hydra
  8927 | D:10     | Entered Level 10 of the Dungeon
  8951 | D:9      | Noticed a purple ugly thing
  9417 | D:9      | Received a gift from Okawaru
  9418 | D:9      | Got a pair of faintly glowing gloves {god gift}
  9424 | D:9      | Identified the +1 pair of gloves of Objectivity {*Slow rPois rCorr Str+6} (Okawaru gifted it to you on level 9 of the Dungeon)
  9550 | D:9      | Found a blossoming altar of Fedhas.
  9753 | D:9      | Killed a purple ugly thing
  9753 | D:9      | Reached skill level 5 in Invocations
  9918 | D:9      | Noticed Psyche
  9925 | D:9      | Paralysed by Psyche for 2 turns
  9928 | D:9      | Killed Psyche
 10005 | D:9      | You fall through a shaft!
 10442 | D:10     | Found a staircase to the Lair.
 10483 | D:10     | Reached skill level 1 in Evocations
 10491 | D:10     | Noticed an ice dragon
 10721 | D:10     | Found a runed door.
 10721 | D:10     | Found a runed door.
 10721 | D:10     | Noticed a fire dragon
 10721 | D:10     | Noticed a fire dragon
 10722 | D:10     | Found the +2 shield of Resistance {rF+ rC+ MR+}
 10729 | D:10     | Noticed an ice dragon
 11235 | D:11     | Found a snail-covered altar of Cheibriados.
 11248 | D:11     | Noticed a centaur warrior
 11280 | D:11     | Killed a centaur warrior
 11479 | D:11     | Reached skill level 13 in Maces & Flails
 11500 | D:11     | Paralysed by an orc for 3 turns
 11514 | D:11     | Paralysed by an orc for 6 turns
 11775 | D:11     | Noticed a manticore
 11807 | D:11     | Reached XP level 12. HP: 64/72 MP: 16/16
 12229 | D:11     | Received a gift from Okawaru
 12232 | D:11     | Got a steaming hunting sling {god gift}
 12233 | D:11     | Identified the +6 hunting sling of the Pure Dances {flame, rPois Int+6} (Okawaru gifted it to you on level 11 of the Dungeon)
 12913 | D:12     | Found a runed door.
 13231 | D:12     | Found a staircase to the Orcish Mines.
 13334 | D:12     | Noticed a death knight
 13351 | D:12     | Killed a death knight
 13355 | D:12     | Slain by a phantasmal warrior

Skill      XL: |  1  2  3  4  5  6  7  8  9 10 11 12 |
---------------+-------------------------------------+-----
Maces & Flails | 3 4 5 6 8 10 12 13 | 13.6
Shields        | 4 5 6 7 8 9 |  9.7
Fighting       | 4 5 6 7 |  7.4
Armour         | 4 5 6 7 8 |  8.1
Dodging        | 1 |  1.9
Invocations    | 6 |  6.0
Evocations     | 2 3 |  3.3

Action                   |  1- 3 |  4- 6 |  7- 9 | 10-12 || total
-------------------------+-------+-------+-------+-------++-------
Melee: Flail             |   103 |   343 |    45 |       ||   491
       Mace              |       |       |   441 |  1025 ||  1466
Invok: Heroism           |       |       |       |     3 ||     3
       Finesse           |       |       |       |     2 ||     2
Evoke: Wand              |       |       |       |     7 ||     7
  Use: Scroll            |       |       |     6 |       ||     6
       Potion            |       |       |     1 |     7 ||     8
  Eat: Chunk             |       |     8 |    13 |    21 ||    42
       Ration            |       |       |     1 |       ||     1
Armor: Chain mail        |    70 |   232 |   318 |    23 ||   643
       Plate armour      |       |       |       |   455 ||   455
       Skin              |       |       |       |    14 ||    14
Dodge: Dodged            |    31 |    59 |   123 |   215 ||   428
Block: Shield            |    60 |   191 |   266 |   503 ||  1020
